 Dungeon Crawl Stone Soup version 0.28.0-47-ge53b351184 (webtiles) character file.

Game seed: 17466975633488484481

57379 Allula97 the Soothsayer (level 14, -2/120 (121) HPs)
             Began as a Demonspawn Monk on May 5, 2022.
             Was a Priest of Nemelex Xobeh.
             Slain by a thrashing horror (20 damage)
             ... on level 5 of the Abyss.
             The game lasted 00:53:37 (18152 turns).

Allula97 the Soothsayer (Demonspawn Monk)          Turns: 18152, Time: 00:53:37

HP:   -2/120 (121)  AC: 18    Str: 17      XL:     14   Next: 45%
MP:   17/18         EV: 12    Int:  8 (9)  God:    Nemelex Xobeh [***...]
Gold: 702           SH: 11    Dex: 16      Spells: 13/13 levels left

rFire   + . .      SeeInvis +   k - +7 whip of Cuosus {drain, rF+ rN+ Will+ Stlth+}
rCold   . . .      Faith    .   C - +0 kite shield
rNeg    + . .      Spirit   .   E - +2 scale mail {Will+}
rPois   +          Reflect  .   (helmet unavailable)
rElec   .          Harm     .   b - +0 cloak
rCorr   .          Rampage  .   d - +0 pair of gloves
Will    +++..                   v - +0 pair of boots
Stlth   ++........              J - amulet of the acrobat
HPRegen 1.10/turn               e - ring of poison resistance
MPRegen 0.16/turn               K - +4 ring of protection

@: hasted, lightly drained, very quick
A: antennae 3, icy blue scales 1, foul stench 1, robust 1, spiny 2, dopey 1,
regeneration 1, [deformed body], [low MP 2]
a: Renounce Religion, Draw Escape, Draw Destruction, Draw Summoning, Triple Draw


You were on level 5 of the Abyss.
You worshipped Nemelex Xobeh.
Nemelex Xobeh was most pleased with you.
You visited 3 branches of the dungeon, and saw 17 of its levels.
You visited the Abyss 1 time.

You collected 1066 gold pieces.
You spent 364 gold pieces at shops.

Inventory:

Hand Weapons
 c - a +2 hand axe of flaming
 k - the +7 whip of Cuosus (weapon) {drain, rF+ rN+ Will+ Stlth+}
   (You found it on level 9 of the Dungeon)

   A truly terrible weapon, it drains the life of any living foe it strikes.
   rF:        It protects you from fire.
   rN:        It protects you from negative energy.
   Will:      It increases your willpower.
   Stlth:     It makes you more stealthy.
 I - the +7 trident "Zouvuschi" {drain, rPois Dex+2}
   (You took it off a spriggan rider on level 6 of the Lair of Beasts)

   A truly terrible weapon, it drains the life of any living foe it strikes.
   Dex:       It affects your dexterity (+2).
   rPois:     It protects you from poison.
Missiles
 g - a curare-tipped dart (quivered)
Armour
 b - a +0 cloak (worn)
 d - a +0 pair of gloves (worn)
 v - a +0 pair of boots (worn)
 C - a +0 kite shield (worn)
 E - a +2 scale mail of willpower (worn)
Jewellery
 e - a ring of poison resistance (left hand)
 J - an amulet of the acrobat (around neck)
 K - a +4 ring of protection (right hand)
Wands
 m - a wand of acid (5)
 u - a wand of mindburst (7)
 x - a wand of digging (7)
 B - a wand of flame (18)
 G - a wand of polymorph (22)
Scrolls
 a - a scroll of enchant armour
 h - 4 scrolls of teleportation
 j - 5 scrolls of noise
 l - 3 scrolls of identify
 n - 3 scrolls of enchant weapon
 w - 3 scrolls of amnesia
 y - a scroll of brand weapon
 D - 3 scrolls of fear
 H - 3 scrolls of fog
 L - a scroll of magic mapping
 M - 3 scrolls of immolation
 N - a scroll of summoning
Potions
 i - 2 potions of mutation
 o - 4 potions of lignification
 p - a potion of magic {unknown}
 q - a potion of invisibility
 r - 3 potions of attraction
 s - 8 potions of curing
 t - 2 potions of brilliance
 z - a potion of flight
 A - a potion of haste
 F - a potion of might


   Skills:
 * Level 10.0 Fighting
 * Level 10.6(11.7) Axes
 + Level 7.8(10.3) Maces & Flails
 + Level 0.1 Throwing
 * Level 10.4 Armour
 * Level 8.7 Dodging
 - Level 2.1 Stealth
 * Level 9.0 Shields
 + Level 2.9 Unarmed Combat
 * Level 11.7 Invocations


You had 13 spell levels left.
You didn't know any spells.
Your spell library contained the following spells:

 Spells                   Type           Power      Damage    Failure   Level
 Animate Skeleton         Necr           0%         N/A       95%         1
 Apportation              Tloc           0%         N/A       95%         1
 Foxfire                  Conj/Fire      0%         2x1d4     95%         1
 Magic Dart               Conj           0%         1d3       95%         1
 Summon Small Mammal      Summ           0%         N/A       95%         1
 Blink                    Tloc           0%         N/A       99%         2
 Call Imp                 Summ           0%         N/A       99%         2
 Static Discharge         Conj/Air       0%         N/A       99%         2
 Call Canine Familiar     Summ           0%         N/A       100%        3
 Conjure Flame            Conj/Fire      0%         6-21      100%        3
 Frozen Ramparts          Ice            0%         1d2       100%        3
 Inner Flame              Hex/Fire       0%         N/A       100%        3
 Lesser Beckoning         Tloc           0%         N/A       100%        3
 Mephitic Cloud           Conj/Pois/Air  0%         N/A       100%        3
 Summon Guardian Golem    Hex/Summ       0%         N/A       100%        3
 Tukima's Dance           Hex            0%         N/A       100%        3
 Anguish                  Hex/Necr       0%         N/A       100%        4
 Animate Armour           Summ/Erth      0%         N/A       100%        4
 Cause Fear               Hex            0%         N/A       100%        4
 Dispel Undead            Necr           0%         3d6       100%        4
 Flame Wave               Conj/Fire      0%         2d4       100%        4
 Ice Form                 Ice/Tmut       0%         N/A       100%        4
 Sticky Flame             Conj/Fire      0%         2d3       100%        4
 Summon Ice Beast         Ice/Summ       0%         N/A       100%        4
 Blade Hands              Tmut           0%         N/A       100%        5
 Freezing Cloud           Conj/Ice/Air   0%         6-21      100%        5
 Manifold Assault         Tloc           0%         N/A       100%        5
 Eringya's Noxious Bog    Tmut/Pois      0%         N/A       100%        6
 Iron Shot                Conj/Erth      0%         9d1       100%        6
 Simulacrum               Ice/Necr       0%         N/A       100%        6
 Starburst                Conj/Fire      0%         6d3       100%        6
 Enfeeble                 Hex            0%         N/A       100%        7
 Storm Form               Tmut/Air       0%         N/A       100%        7
 Discord                  Hex            0%         N/A       100%        8
 Polar Vortex             Ice            0%         N/A       100%        9


Dungeon Overview and Level Annotations

Branches:
Dungeon (10/15)            Temple (1/1) D:7            Lair (6/6) D:10
  Swamp (0/4) Lair:3       Spider (0/4) Lair:2        Slime (0/5) Lair:6
    Orc: D:9-12

Altars:
Ashenzari
Cheibriados
Dithmenos
Elyvilon
Fedhas
Gozag
Hepliaklqana
Kikubaaqudgha
Makhleb
Nemelex Xobeh
Okawaru
Qazlal
Ru
Sif Muna
Trog
Uskayaw
Vehumet
Wu Jian
Xom
Yredelemnul
Zin
The Shining One
Lugonu

Shops:
D:6 ?   D:8 !

Portals:
Abyss: Lair:6


Innate Abilities, Weirdness & Mutations

You have a pair of large antennae on your head. (SInv)
You are partially covered in icy blue scales. (AC +2)
You may rarely emit foul miasma when damaged in melee.
You are robust. (+10% HP)
You are mostly covered in sharp spines.
You are dopey. (Int -2)
Your natural rate of healing is unusually fast.
[Armour fits poorly on your strangely shaped body.]
[Your magical capacity is very low. (-20% MP)]


Message History

You hit the thrashing horror.
The thrashing horror is heavily damaged.
You block the thrashing horror's attack. x2
You closely miss the thrashing horror.
The thrashing horror is heavily damaged.
The thrashing horror misses you.
The thrashing horror tramples you but does no damage.
You closely miss the thrashing horror.
The thrashing horror is heavily damaged.
You block the thrashing horror's attack.
The thrashing horror tramples you but does no damage.
The thrashing horror closely misses you.
The thrashing horror tramples you but does no damage.
You whack the thrashing horror!
The thrashing horror is severely damaged.
You barely miss the thrashing horror.
The thrashing horror is severely damaged.
You block the thrashing horror's attack. x2
You whack the thrashing horror!
The thrashing horror is severely damaged.
You block the thrashing horror's attack.
The thrashing horror tramples you but does no damage.
You whack the thrashing horror!
The thrashing horror is almost destroyed.
The thrashing horror churns violently!
The thrashing horror seems to grow stronger.
You whack the thrashing horror!
You destroy the thrashing horror!
That felt strangely unrewarding.
You hit the thrashing horror but do no damage.
The thrashing horror is severely damaged.
You block the thrashing horror's attack.
The thrashing horror tramples you!
* * * LOW HITPOINT WARNING * * *
You hold your ground!
You whack the thrashing horror!
The thrashing horror is almost destroyed.
The thrashing horror tramples you!!
You die...
Your body glows slightly and disappears.

#.{ .###.
. {s
.*#..#
#+###..2#
#.#.....#
#≈#X.{ .#{
#≈2≈≈≈≈##{
#VX≈≈≈≈#
#X# ..#.#
{#@#....##
#+###...#
{{ ....# {
..{## {
... { {{{


You could see a cacodemon, 3 thrashing horrors, a vampire and a lurking horror.

Vanquished Creatures
  Nessos (Lair:5)
  9 hydras
  2 boulder beetles
  5 thrashing horrors
  10 death yaks
  A sixfirhy (Abyss:1)
  A bog body (Lair:3)
  2 large abominations (Lair:6)
  A harpy (Lair:5)
  An ugly thing (Lair:6)
  An oklob plant (Lair:4)
  7 black mambas
  A guardian serpent (Lair:5)
  A torpor snail (Lair:5)
  9 cane toads
  5 rime drakes
  11 komodo dragons
  A demonic crawler (Abyss:5)
  An ancient zyme (Lair:6)
  A polar bear (Lair:6)
  4 hornets (Abyss:5)
  Prince Ribbit (D:6)
  16 blink frogs
  5 dream sheep
  3 culicivoras (Lair:2)
  9 small abominations (Lair:6)
  A shadow (D:9)
  4 spriggans
  58 yaks
  3 ynoxinuls (Lair:6)
  4 wyverns
  7 basilisks
  6 fire bats (Abyss:5)
  Eustachio (D:4)
  4 chaos spawn
  2 steam dragons
  A neqoxec (Abyss:5)
  12 vampire mosquitoes (Abyss:5)
  18 water moccasins
  Duvessa (D:7)
  An orc warrior (D:8)
  The ghost of CryoSword the Ruffian, an amateur TrFi (D:4)
  A sky beast (D:7)
  3 ogres
  4 necrophages
  A starcursed mass (Abyss:5)
  A boggart (Lair:6)
  4 centaurs
  15 wolves
  2 phantoms
  A kobold brigand (D:6)
  7 bullfrogs
  A wyvern zombie (D:9)
  10 scorpions
  A water moccasin zombie (D:5)
  3 water moccasin skeletons
  Dowan (D:7)
  2 howler monkeys
  3 wights
  4 electric eels
  A crimson imp (D:10)
  A bullfrog zombie (D:6)
  5 centaur zombies
  4 hounds
  3 jellies
  2 bullfrog skeletons
  A human zombie (D:4)
  7 orc priests
  A centaur skeleton (D:4)
  2 iguanas (D:5)
  12 orc wizards
  2 scorpion zombies (D:4)
  A hound zombie (D:4)
  2 mummies (D:4)
  8 gnolls
  10 adders
  A river rat (D:6)
  2 shadow imps
  4 white imps
  2 adder zombies (D:4)
  An adder skeleton (D:4)
  4 dart slugs
  30 orcs
  2 spectral bats (Abyss:5)
  6 bats
  4 endoplasms
  3 giant cockroaches
  7 goblins
  3 hobgoblins
  4 jackals
  4 quokkas
  8 ball pythons
  4 bat simulacra (Abyss:5)
  2 frilled lizards
  11 kobolds
  21 rats (D:2)
482 creatures vanquished.

Vanquished Creatures (collateral kills)
  A ghost moth (Lair:4)
  The ghost of mistmaker the Cleaver, a journeyman MiBe of Trog (Lair:6)
  A green death (Abyss:5)
  2 death yaks
  Joseph (D:7)
  An ancient zyme (Lair:6)
  2 hornets (Lair:6)
  A raiju (Abyss:5)
  2 dream sheep (Lair:4)
  2 spriggans (Lair:6)
  A basilisk (Lair:3)
  3 small abominations (Lair:6)
  A floating eye (Lair:4)
  2 gnoll sergeants (D:7)
  A bullfrog (Lair:2)
  4 wights
  An electric eel (Lair:2)
  2 crimson imps (Abyss:5)
  8 gnolls (D:7)
  2 white imps (Abyss:5)
39 creatures vanquished.

Vanquished Creatures (others)
  A fire bat (Abyss:5)
  A centaur (Lair:5)
  A bat (Abyss:5)
  2 bushes (Lair:6)
  50 fungi
  68 plants
123 creatures vanquished.

Grand Total: 644 creatures vanquished

Notes
Turn   | Place    | Note
-------+----------+-------------------------------------------
     0 | D:1      | Allula97 the Demonspawn Monk began the quest for the Orb.
     0 | D:1      | Reached XP level 1. HP: 18/18 MP: 1/1
   156 | D:1      | Found a faded altar of an unknown god.
   159 | D:1      | Prayed at the altar of an unknown god.
   159 | D:1      | Became a worshipper of Nemelex Xobeh the Trickster
   159 | D:1      | Reached * piety under Nemelex Xobeh
   159 | D:1      | Received a gift from Nemelex Xobeh
   159 | D:1      | Reached ** piety under Nemelex Xobeh
   159 | D:1      | Received a gift from Nemelex Xobeh
   159 | D:1      | Received a gift from Nemelex Xobeh
   626 | D:2      | Gained mutation: You are partially covered in sharp spines.
                  | [demonic ancestry]
   626 | D:2      | Reached XP level 2. HP: 24/24 MP: 2/2
   629 | D:2      | Reached *** piety under Nemelex Xobeh
   823 | D:2      | Reached XP level 3. HP: 24/29 MP: 3/3
   880 | D:2      | Received a gift from Nemelex Xobeh
  1095 | D:2      | Reached skill level 1 in Axes
  1220 | D:2      | Reached XP level 4. HP: 27/36 MP: 4/4
  1677 | D:3      | Reached skill level 1 in Invocations
  1698 | D:3      | Reached skill level 1 in Armour
  1698 | D:3      | Gained mutation: You may rarely emit foul miasma when
                  | damaged in melee. [demonic ancestry]
  1698 | D:3      | Reached XP level 5. HP: 35/42 MP: 4/6
  1847 | D:3      | Found an opulent altar of Gozag.
  2182 | D:3      | Received a gift from Nemelex Xobeh
  2363 | D:4      | Noticed CryoSword's ghost (amateur TrFi)
  2366 | D:4      | Found a runed translucent gate.
  2366 | D:4      | Found a runed translucent gate.
  2366 | D:4      | Found a runed translucent gate.
  2519 | D:4      | Reached **** piety under Nemelex Xobeh
  2525 | D:4      | Noticed Eustachio
  2534 | D:4      | Reached skill level 2 in Invocations
  2537 | D:4      | Killed Eustachio
  2538 | D:4      | Gained mutation: You have a pair of small antennae on your
                  | head. [demonic ancestry]
  2538 | D:4      | Reached XP level 6. HP: 19/48 MP: 4/7
  2554 | D:4      | Noticed a water moccasin
  2560 | D:4      | Noticed a warg
  2560 | D:4      | a water moccasin changed into a warg
  2562 | D:4      | a warg changed into a jelly
  2835 | D:4      | Received a gift from Nemelex Xobeh
  2960 | D:4      | Reached XP level 7. HP: 33/55 MP: 9/9
  3232 | D:4      | Reached skill level 3 in Invocations
  3501 | D:4      | Found a basalt altar of Yredelemnul.
  3968 | D:4      | Killed CryoSword's ghost
  3969 | D:4      | Reached skill level 5 in Axes
  3969 | D:4      | Reached XP level 8. HP: 52/61 MP: 10/10
  4066 | D:5      | Entered Level 5 of the Dungeon
  4112 | D:5      | Reached skill level 5 in Fighting
  4276 | D:5      | Received a gift from Nemelex Xobeh
  4318 | D:5      | Reached skill level 4 in Invocations
  5263 | D:6      | Found Nazirheu's Magic Scroll Emporium.
  5271 | D:6      | Reached skill level 1 in Shields
  5295 | D:6      | Bought a scroll of enchant armour for 82 gold pieces
  5295 | D:6      | Bought a scroll of identify for 22 gold pieces
  5358 | D:6      | Received a gift from Nemelex Xobeh
  5463 | D:6      | Gained mutation: You are mostly covered in sharp spines.
                  | [demonic ancestry]
  5463 | D:6      | Reached XP level 9. HP: 59/69 MP: 12/12
  5731 | D:6      | Noticed Prince Ribbit
  5738 | D:6      | Killed Prince Ribbit
  5739 | D:6      | Reached skill level 5 in Dodging
  5739 | D:6      | Reached skill level 5 in Invocations
  5754 | D:6      | Reached skill level 5 in Armour
  6237 | D:7      | Noticed Dowan
  6244 | D:7      | Killed Dowan
  6498 | D:7      | Received a gift from Nemelex Xobeh
  6868 | D:7      | Noticed Duvessa
  6882 | D:7      | Killed Duvessa
  7401 | D:7      | Found a staircase to the Ecumenical Temple.
  7430 | Temple   | Entered the Ecumenical Temple
  7975 | D:7      | Noticed Joseph
  7990 | D:7      | Killed Joseph
  8196 | D:8      | Gained mutation: You have a pair of antennae on your head.
                  | [demonic ancestry]
  8196 | D:8      | Reached XP level 10. HP: 77/77 MP: 14/14
  8252 | D:8      | Found a broken altar of Ashenzari.
  8569 | D:8      | Reached skill level 6 in Invocations
  9096 | D:8      | Found Ypiuloydd's Distillery.
  9174 | D:8      | Received a gift from Nemelex Xobeh
  9277 | D:8      | Bought a potion of invisibility for 104 gold pieces
  9277 | D:8      | Bought a potion of might for 52 gold pieces
  9277 | D:8      | Bought a potion of mutation for 104 gold pieces
  9328 | D:8      | Gained mutation: Your natural rate of healing is unusually
                  | fast. [potion of mutation]
  9557 | D:9      | Identified the +7 whip of Cuosus {drain, rF+ rN+ Will+
                  | Stlth+}
  9930 | D:9      | Noticed a six-headed hydra
  9943 | D:9      | Killed a six-headed hydra
 10004 | D:9      | Reached skill level 7 in Invocations
 10127 | D:10     | Entered Level 10 of the Dungeon
 10161 | D:10     | Reached skill level 1 in Maces & Flails
 10362 | D:10     | Found a burning altar of Makhleb.
 10362 | D:10     | Found a radiant altar of Vehumet.
 10468 | D:10     | Noticed a boulder beetle
 10489 | D:10     | Killed a boulder beetle
 10519 | D:10     | Reached XP level 11. HP: 84/84 MP: 16/16
 10651 | D:10     | Found a staircase to the Lair.
 10735 | D:10     | Found a shadowy altar of Dithmenos.
 10741 | D:10     | Found a shimmering altar of Xom.
 10741 | D:10     | Found an ancient bone altar of Kikubaaqudgha.
 10741 | D:10     | Found a stormy altar of Qazlal.
 10741 | D:10     | Found a sacrificial altar of Ru.
 10822 | Lair:1   | Entered Level 1 of the Lair of Beasts
 10928 | Lair:1   | Reached skill level 8 in Invocations
 10935 | Lair:1   | Reached ***** piety under Nemelex Xobeh
 11035 | Lair:1   | Received a gift from Nemelex Xobeh
 11543 | Lair:2   | Noticed a six-headed hydra
 11551 | Lair:2   | HP: 2/84 [six-headed hydra (12)]
 11567 | Lair:2   | Killed a six-headed hydra
 11720 | Lair:2   | Noticed an eight-headed hydra
 11727 | Lair:2   | Killed an eight-headed hydra
 11970 | Lair:2   | Found a hole to the Spider Nest.
 11981 | Lair:2   | Received a gift from Nemelex Xobeh
 12299 | Lair:2   | Reached skill level 9 in Invocations
 12727 | Lair:3   | Gained mutation: You are partially covered in icy blue
                  | scales. (AC +2) [demonic ancestry]
 12727 | Lair:3   | Reached XP level 12. HP: 88/92 MP: 18/18
 12852 | Lair:3   | Noticed a seven-headed hydra
 12856 | Lair:3   | Killed a seven-headed hydra
 12957 | Lair:3   | Found a staircase to the Swamp.
 13041 | Lair:3   | Reached skill level 5 in Maces & Flails
 13250 | Lair:3   | Noticed a death yak
 13251 | Lair:3   | Noticed a death yak
 13251 | Lair:3   | Noticed a death yak
 13251 | Lair:3   | Noticed a death yak
 13254 | Lair:3   | Noticed a death yak
 13255 | Lair:3   | Killed a death yak
 13255 | Lair:3   | Killed a death yak
 13256 | Lair:3   | Reached skill level 5 in Shields
 13258 | Lair:3   | Noticed a death yak
 13265 | Lair:3   | Killed a death yak
 13271 | Lair:3   | Killed a death yak
 13278 | Lair:3   | Killed a death yak
 13281 | Lair:3   | Killed a death yak
 13580 | Lair:3   | Received a gift from Nemelex Xobeh
 13865 | Lair:4   | Reached skill level 10 in Invocations
 13952 | Lair:4   | Got the Compendium of the Forsaken Deaths
 13979 | Lair:4   | Received a gift from Nemelex Xobeh
 14204 | Lair:4   | Noticed a death yak
 14204 | Lair:4   | Noticed a death yak
 14205 | Lair:4   | Noticed a death yak
 14205 | Lair:4   | Noticed a death yak
 14221 | Lair:4   | a death yak changed into something unseen
 14225 | Lair:4   | Paralysed by a floating eye for 4 turns
 14231 | Lair:4   | Killed a death yak
 14238 | Lair:4   | Paralysed by a floating eye for 2 turns
 14241 | Lair:4   | Noticed a ghost moth
 14244 | Lair:4   | Paralysed by a floating eye for 3 turns
 14246 | Lair:4   | Killed a ghost moth
 14247 | Lair:4   | Gained mutation: You are robust. (+10% HP) [demonic
                  | ancestry]
 14247 | Lair:4   | Reached XP level 13. HP: 64/108 MP: 0/20
 14978 | Lair:5   | Received a gift from Nemelex Xobeh
 15231 | Lair:5   | Found a hazy altar of Hepliaklqana.
 15367 | Lair:5   | Noticed Urug
 15373 | Lair:5   | Noticed Urug
 15373 | Lair:5   | Urug changed into Urug the guardian serpent
 15379 | Lair:5   | Killed Urug the guardian serpent
 15387 | Lair:5   | Reached skill level 10 in Axes
 15472 | Lair:5   | Noticed Nessos
 15475 | Lair:5   | Killed Nessos
 15532 | Lair:5   | Received a gift from Nemelex Xobeh
 15804 | Lair:6   | Entered Level 6 of the Lair of Beasts
 15804 | Lair:6   | Found a staircase to the Slime Pits.
 15968 | Lair:6   | Reached skill level 10 in Armour
 15979 | Lair:6   | Reached skill level 11 in Invocations
 16340 | Lair:6   | Gained mutation: You have a pair of large antennae on your
                  | head. (SInv) [demonic ancestry]
 16340 | Lair:6   | Reached XP level 14. HP: 87/118 MP: 22/22
 16421 | Lair:6   | Found a runed translucent door.
 16424 | Lair:6   | Noticed mistmaker's ghost (journeyman MiBe)
 16425 | Lair:6   | Identified the +7 trident "Zouvuschi" {drain, rPois Dex+2}
 16809 | Lair:6   | Identified the +6 hand crossbow "Duif" {flame, *Slow Dex+9}
 16823 | Lair:6   | Received a gift from Nemelex Xobeh
 17192 | Lair:6   | Killed mistmaker's ghost
 17413 | Lair:6   | Reached skill level 10 in Fighting
 17441 | Lair:6   | Found a corrupted altar of Lugonu.
 17441 | Lair:6   | Found a one-way gate to the infinite horrors of the Abyss.
 17729 | Lair:6   | Voluntarily entered the Abyss.
 17806 | Abyss:2  | Found a sparkling altar of Nemelex Xobeh.
 17874 | Abyss:2  | Found a shimmering altar of Xom.
 17899 | Abyss:5  | Entered Level 5 of the Abyss
 17916 | Abyss:5  | Noticed a deep elf elementalist
 17921 | Abyss:5  | Noticed a starcursed mass
 17933 | Abyss:5  | Paralysed by accursed screaming for 1 turns
 17987 | Abyss:5  | Noticed a daeva
 18006 | Abyss:5  | Noticed an emperor scorpion
 18035 | Abyss:5  | Noticed an emperor scorpion
 18048 | Abyss:5  | Paralysed by a hornet for 2 turns
 18087 | Abyss:5  | Gained mutation: You are dopey. (Int -2) [a neqoxec]
 18137 | Abyss:5  | Noticed a cacodemon
 18152 | Abyss:5  | Slain by a thrashing horror

Illustrated notes

Levels and vault maps discovered:
D:1:      dpeg_arrival_stonehenge_8_columns, layout_rooms,
          ebering_ecumenical_altar_rust
D:2:      layout_basic, minmay_rat_hole
D:3:      layout_loops_cross, grunt_gozag_statues, minmay_door_square
D:4:      layout_basic, lemuel_mausoleum_altar_yredelemnul,
          gammafunk_ghost_split, grunt_decor_resistance, uniq_eustachio
D:5:      layout_cave_pools, minmay_chambers_of_fives
D:6:      layout_cave_pools, serial_shops, nicolae_shop_trees,
          hangedman_decor_points, uniq_prince_ribbit1
D:7:      layout_basic, minmay_temple_entry_hall, amethyst_killhole,
          minmay_crystal_room, hangedman_abyss_or_decor_slice, uniq_joseph,
          uniq_duvessa
D:8:      layout_loops_cross, nicolae_ashenzari_panopticon, serial_shops,
          nicolae_inconvenience_store
D:9:      layout_loops_ring
D:10:     layout_rooms, grunt_temple_overflow_lords_of_destruction, minitemple,
          david_lair_shrubbed, nicolae_straight_to_the_point
Temple:   minmay_temple_forest_path
Lair:1:   layout_chaotic_city, grunt_megastairs_4
Lair:2:   layout_long_grid, hellmonk_spider_entry_life_and_decay,
          nicolae_quartered_pool_super, lemuel_old_faithful,
          serial_bayou_shore_a
Lair:3:   beast_lair_carwin_large_1, layout_cave_pods,
          skrybe_swamp_entry_bodies, lemuel_fruit_fields,
          infiniplex_staircase_pool
Lair:4:   layout_small_grid, lemuel_fruit_tree, infiniplex_staircase_pool_2
Lair:5:   layout_loops_ring, st_stairs_12, lemuel_centaur_altar, uniq_urug,
          uniq_nessos
Lair:6:   hellmonk_lair_end_abyssal_woods, layout_loops_ring, slime_dummy,
          ebering_ghost_funeral_grove
Abyss:5:  base: Lair:3, evilmike_abyss_exit_6, hangedman_abyss_theft,
          evilmike_abyss_rune_siren_acolytes, guppyfry_abyss_exit_imp_island,
          hangedman_elemental_corridor, gammafunk_abyss_rune_reverse_zot,
          hangedman_abyss_monster_moat, evilmike_abyss_rune_siren_acolytes

Skill      XL: |  1  2  3  4  5  6  7  8  9 10 11 12 13 14 |
---------------+-------------------------------------------+-----
Dodging        | 3 4 5 6 7 8 |  8.7
Stealth        | 2 |  2.1
Axes           | 1 2 3 4 5 6 7 8 9 10 | 10.6
Invocations    | 1 2 3 4 5 7 9 10 11 | 11.7
Armour         | 1 3 4 6 7 8 9 10 | 10.4
Fighting       | 4 5 6 7 8 9 10 | 10.0
Shields        | 1 3 4 6 8 9 |  9.0
Maces & Flails | 2 4 6 7 |  7.8
Throwing       | |  0.1
Unarmed Combat | |  2.9

Action                   |  1- 3 |  4- 6 |  7- 9 | 10-12 | 13-15 || total
-------------------------+-------+-------+-------+-------+-------++-------
Melee: Hand axe          |    51 |    75 |   243 |    73 |       ||   442
       Unarmed           |     2 |       |       |       |       ||     2
       Punch             |     1 |       |       |       |       ||     1
       Whip              |       |       |       |   470 |   848 ||  1318
Throw: Dart              |       |       |       |     2 |       ||     2
Invok: Draw Destruction  |       |     9 |     8 |     7 |     5 ||    29
       Triple Draw       |       |     1 |     2 |     1 |     8 ||    12
       Draw Summoning    |       |       |     7 |     4 |     3 ||    14
       Deal Four         |       |       |     2 |     2 |     3 ||     7
       Draw Escape       |       |       |     1 |       |     2 ||     3
  Use: Scroll            |       |       |    13 |     7 |     2 ||    22
       Potion            |       |       |       |     3 |     7 ||    10
 Stab: Sleeping          |     2 |     2 |       |     2 |       ||     6
       Distracted        |       |       |       |     1 |     2 ||     3
Armor: Robe              |    15 |       |       |       |       ||    15
       Leather armour    |       |     8 |       |       |       ||     8
       Scale mail        |       |     6 |    81 |   201 |   366 ||   654
Dodge: Dodged            |    38 |    37 |    99 |   223 |   499 ||   896
Block: Buckler           |       |     4 |    51 |       |       ||    55
       Kite shield       |       |       |     6 |   242 |   539 ||   787
